 Dungeon Crawl Stone Soup version 0.17-a0-1837-g7c6a762 (webtiles) character file.

284 Blightor the Skirmisher (level 6, 0/49 HPs)
             Began as a Demonspawn Abyssal Knight on Sept 16, 2015.
             Was a Priest of Lugonu.
             Slain by a big kobold
             ... wielding a +0 club
              (3 damage)
             ... on level 4 of the Dungeon.
             The game lasted 00:16:46 (4512 turns).

Blightor the Skirmisher (Demonspawn Abyssal Knight) Turns: 4512, Time: 00:16:46

Health: 0/49       AC:  5    Str: 14    XL:     6   Next: 7%
Magic:  0/8        EV: 11    Int: 13    God:    Lugonu [***...]
Gold:   219        SH:  0    Dex: 13    Spells: 0 memorised, 5 levels left

rFire  . . .     SeeInvis .     o - -2 halberd (curse)
rCold  . . .     Clarity  .     b - +0 leather armour
rNeg   . . .     SustAt   .     (no shield)
rPois  .         Gourm    .     (helmet restricted)
rElec  .         Spirit   +     (no cloak)
rCorr  .         Warding  .     j - +1 pair of gloves
rMut   .         Stasis   .     (no boots)
MR     .....                    g - amulet of rage
Stlth  +.........               (no ring)
                                (no ring)

@: not resistant to hostile enchantments, very unstealthy
A: horns 1, magic shield, magic regeneration
a: Depart the Abyss, Bend Space, Banish, Renounce Religion, Evoke Berserk Rage


You were on level 4 of the Dungeon.
You worshipped Lugonu.
Lugonu was most pleased with you.
You were not hungry.

You visited 1 branch of the dungeon, and saw 4 of its levels.
You visited the Abyss 1 time.

You collected 219 gold pieces.

Inventory:

Hand weapons
 a - a +1 falchion
 f - a +0 long sword
 o - a cursed -2 halberd (weapon)
 v - a -1 spear
Missiles
 m - a throwing net (quivered)
Armour
 b - a +0 leather armour (worn)
 j - a +1 pair of gloves (worn)
Jewellery
 g - an amulet of rage (around neck)
Scrolls
 h - 2 scrolls of amnesia
 k - 2 scrolls of random uselessness
 s - a scroll of identify
Potions
 l - a potion of haste
 u - 2 potions of agility {unknown}
Comestibles
 c - 5 bread rations
 d - 2 meat rations
 t - a beef jerky


   Skills:
 + Level 4.6 Fighting
 + Level 3.2 Long Blades
 + Level 1.0 Polearms
 + Level 3.3 Armour
 - Level 1.0 Dodging
 - Level 2.8 Invocations


You had 5 spell levels left.
You didn't know any spells.

Dungeon Overview and Level Annotations

Branches:
Dungeon (4/15)
 Temple: D:4-7

Altars:
Fedhas
Kikubaaqudgha
Makhleb
Ru
The Shining One

Annotations:
D:4 Duvessa


Innate Abilities, Weirdness & Mutations

You have a pair of small horns on your head.
When hurt, damage is shared between your health and your magic reserves.
You regenerate magic rapidly.


Message History

* * * LOW HITPOINT WARNING * * *
You hit the big kobold. Your headbutt misses the big kobold.
The big kobold is severely wounded.
The big kobold barely misses you.
You hit the big kobold. Your headbutt misses the big kobold.
The big kobold is almost dead.
The big kobold hits you but does no damage.
The big kobold hits you with a club!
* * * LOW HITPOINT WARNING * * *
You closely miss the big kobold. Your headbutt misses the big kobold.
The big kobold is almost dead.
The big kobold hits you with a club.
* * * LOW HITPOINT WARNING * * *
You closely miss the big kobold.
The big kobold is almost dead.
The big kobold closely misses you.
You closely miss the big kobold.
The big kobold is almost dead.
The big kobold hits you with a club.
You die...

####+###+###
#..........#
+..@K......#
#..........#
..............##
.....##+###'###≈####+###
.....+......'†.≈§≈≈≈.≈≈≈
.... #......#.....+.....
#+# #......###'###.....
#..##..#...........
#+###..#...........


You could see a big kobold.

Vanquished Creatures
  A scorpion (D:4)
  Dowan (D:4)
  A worker ant (D:4)
  4 gnolls (D:3)
  2 adders (D:3)
  An ooze (D:2)
  2 worms
  An orc (D:3)
  11 bats
  3 bat skeletons (D:2)
  3 bat zombies (D:2)
  7 giant cockroaches
  4 goblins
  15 hobgoblins
  10 jackals
  3 ball pythons
  4 giant newts
  9 kobolds
  9 rats
91 creatures vanquished.

Notes
Turn   | Place    | Note
--------------------------------------------------------------
     0 | Abyss:1  | Blightor the Demonspawn Abyssal Knight began the quest for the Orb.
     0 | Abyss:1  | Reached XP level 1. HP: 18/18 MP: 2/2
    44 | Abyss:1  | Noticed a small abomination
    44 | D:1      | Escaped the Abyss
   150 | D:1      | Acquired Lugonu's first power
   169 | D:1      | Gained mutation: When hurt, damage is shared between your health and your magic reserves. [demonic ancestry]
   169 | D:1      | Reached XP level 2. HP: 9/24 MP: 4/4
   390 | D:1      | Reached skill level 1 in Dodging
   732 | D:1      | Reached XP level 3. HP: 27/29 MP: 5/5
  1071 | D:2      | Found a blossoming altar of Fedhas.
  1232 | D:2      | Found a glowing golden altar of the Shining One.
  1260 | D:2      | Found a faded altar to an unknown god.
  1276 | D:2      | Acquired Lugonu's second power
  1305 | D:2      | Found a sacrificial altar of Ru.
  1737 | D:2      | Found an ancient bone altar of Kikubaaqudgha.
  1745 | D:2      | Gained mutation: You regenerate magic rapidly. [demonic ancestry]
  1745 | D:2      | Reached XP level 4. HP: 34/37 MP: 6/6
  1924 | D:3      | Found a burning altar of Makhleb.
  1924 | D:3      | Noticed a cacodemon
  1932 | D:3      | Noticed a ynoxinul
  1932 | D:3      | Noticed a smoke demon
  2275 | D:3      | Reached skill level 4 in Fighting
  2575 | D:3      | HP: 1/37 [gnoll/flail (4)]
  3468 | D:3      | Acquired Lugonu's third power
  3565 | D:3      | Gained mutation: You have a pair of small horns on your head. [demonic ancestry]
  3565 | D:3      | Reached XP level 5. HP: 15/42 MP: 4/7
  3875 | D:4      | Noticed Duvessa
  3876 | D:4      | Noticed Dowan
  4228 | D:4      | Killed Dowan
  4228 | D:4      | Reached skill level 1 in Polearms
  4454 | D:4      | Reached XP level 6. HP: 18/49 MP: 5/8
  4510 | D:4      | HP: 2/49 [big kobold/club (1)]
  4512 | D:4      | Slain by a big kobold

Vault maps used:
D:1:      minmay_arrival_loop, hangedman_decor_slide_cut, minmay_vboxes
D:2:      lemuel_coloured_pillars_altar, kennysheep_vampire_church,
          hangedman_ru_absence, lemuel_doored_altar, ecumenical_altar_1,
          nrook_loot_triangle, hangedman_decor_clover_reticule, minivault_25
D:3:      makhleb_altar_promises_db, minmay_door_square
D:4:      lightli_temple_of_fire, portal_sewer_entry_e,
          nicolae_ossuary_entry_giza, uniq_duvessa
Abyss:1:  bh_silent_lugonu_exit

Action                   |  1- 3 |  4- 6 || total
-------------------------+-------+-------++-------
Melee: Falchion          |   150 |    97 ||   247
       Halberd           |       |    82 ||    82
Invok: Depart the Abyss  |     1 |       ||     1
  Use: Scroll            |       |     9 ||     9
       Potion            |       |     3 ||     3
 Stab: Sleeping          |       |     2 ||     2
  Eat: Chunk             |     2 |       ||     2
       Bread ration      |       |     2 ||     2
       Meat ration       |       |     1 ||     1
